 Dungeon Crawl Stone Soup version 0.17-a0-1978-gc390f2e (webtiles) character file.

71082 derrpe the Earth Mage (level 14, 0/121 HPs)
             Began as a Deep Dwarf Earth Elementalist on Oct 5, 2015.
             Was the Champion of Makhleb.
             Killed from afar by a thorn hunter (26 damage)
             ... with a volley of thorns
             ... on level 2 of the Swamp.
             The game lasted 02:32:43 (32832 turns).

derrpe the Earth Mage (DDEE)                       Turns: 32832, Time: 02:32:43

Health: 0/121      AC: 20    Str: 22    XL:     14   Next: 96%
Magic:  23/25      EV: 15    Int: 22    God:    Makhleb [******]
Gold:   1947       SH:  7    Dex: 15    Spells: 9 memorised, 3 levels left

rFire  . . .     SeeInvis .     a - staff of energy {@w1}
rCold  . . .     Clarity  +     u - +3 scale mail of the Comet {rPois Str+8}
rNeg   + . .     SustAt   .     X - +2 buckler
rPois  +         Gourm    .     s - +2 helmet
rElec  .         Spirit   .     p - +2 cloak {+Inv}
rCorr  .         Warding  .     l - +1 pair of gloves
rMut   .         Stasis   .     (no boots)
MR     ++...                    C - amulet of clarity
Stlth  ++........               L - ring of poison resistance
                                n - +3 ring of strength

@: non-regenerating, repel missiles, very resistant to hostile enchantments,
unstealthy
A: damage resistance, recharge devices, agile 1, negative energy resistance 1,
sense surroundings 2, slow regeneration 3
a: Device Recharging, Minor Destruction, Lesser Servant of Makhleb, Major
Destruction, Greater Servant of Makhleb, Renounce Religion, Evoke Invisibility


You were on level 2 of the Swamp.
You worshipped Makhleb.
Makhleb was exalted by your worship.
You were not hungry.

You visited 5 branches of the dungeon, and saw 25 of its levels.
You also visited: Volcano.

You collected 2884 gold pieces.
You spent 937 gold pieces at shops.

Inventory:

Hand Weapons
 b - a +0 rapier of electrocution
 f - the +8 halberd of Jasin {vamp, Str+2 Dex+4}
   (You found it on level 8 of the Lair of Beasts)

   It inflicts no extra harm, but heals its wielder somewhat when it strikes a
   living foe.
   It affects your strength (+2).
   It affects your dexterity (+4).
Missiles
 W - 2 throwing nets (quivered)
Armour
 l - a +1 pair of gloves (worn)
 p - a +2 cloak of invisibility (worn)
 s - a +2 helmet (worn)
 u - the +3 scale mail of the Comet (worn) {rPois Str+8}
   (You found it on level 1 of the Swamp)

   It affects your strength (+8).
   It protects you from poison.
 X - a +2 buckler (worn)
Magical Staves
 a - an uncursed staff of energy (weapon) {@w1}
Jewellery
 h - an uncursed amulet of resist mutation
 n - a +3 ring of strength (left hand)
 C - an amulet of clarity (around neck)
 L - a ring of poison resistance (right hand)
Wands
 d - a wand of heal wounds (0)
 R - a wand of digging (4)
 V - a wand of disintegration (6)
Scrolls
 c - a scroll of identify
 g - 8 scrolls of remove curse
 q - 6 scrolls of teleportation
 t - 4 scrolls of amnesia
 x - 2 scrolls of silence
 E - 2 scrolls of fear
 G - 2 scrolls of blinking
 H - 2 scrolls of vulnerability
 N - a scroll of summoning
 S - 2 scrolls of magic mapping
Potions
 k - a potion of magic
 m - 5 potions of resistance
 o - 2 potions of agility
 r - 8 potions of curing
 v - 4 potions of flight
 A - 3 potions of cancellation
 B - 2 potions of heal wounds
 D - 6 potions of haste
 J - 3 potions of berserk rage
 K - a potion of brilliance
 O - a potion of invisibility
 Z - 2 potions of might
Books
 y - a book of Dreams

   Spells                             Type                      Level
   a - Ensorcelled Hibernation        Hexes/Ice                    2
   b - Phase Shift                    Translocation                5
   c - Shadow Creatures               Summoning                    5
   d - Silence                        Hexes/Air                    5
   e - Darkness                       Hexes                        6
   f - Mass Confusion                 Hexes                        6
 Q - a book of Power

   Spells                             Type                      Level
   a - Fulminant Prism                Conjuration/Hexes            4
   b - Iskenderun's Mystic Blast      Conjuration                  4
   c - Venom Bolt                     Conjuration/Poison           5
   d - Bolt of Magma                  Conjuration/Fire/Earth       5
   e - Iron Shot                      Conjuration/Earth            6
   f - Orb of Destruction             Conjuration                  7
   g - Spellforged Servitor           Conjuration/Summoning        7
Miscellaneous
 M - a sack of spiders {used: 4}
Comestibles
 e - 11 bread rations {@e1}
 i - 28 fruits
 j - 10 meat rations {@e2}
 w - 8 beef jerkies
 F - 4 slices of pizza


   Skills:
 - Level 6.7 Fighting
 - Level 3.3 Staves
 - Level 7.9 Armour
 - Level 8.2 Dodging
 - Level 6.6 Stealth
 - Level 4.0 Shields
 - Level 8.0 Spellcasting
 * Level 7.7 Conjurations
 - Level 4.6 Charms
 - Level 5.2 Translocations
 - Level 1.9 Transmutations
 - Level 1.0 Air Magic
 - Level 15.0 Earth Magic
 - Level 15.0 Invocations
 - Level 7.0 Evocations


You had 3 spell levels left.
You knew the following spells:

 Your Spells              Type           Power        Failure   Level  Hunger
b - Lee's Rapid Deconstr  Erth           ######....   1%          5    None
c - Stone Arrow           Conj/Erth      ######       1%          3    None
d - Petrify               Trmt/Erth      #####...     6%          4    None
e - Blink                 Tloc           N/A          3%          2    None
f - Passwall              Trmt/Erth      #####.....   1%          3    None
g - Shroud of Golubria    Chrm/Tloc      ####......   4%          2    None
h - Passage of Golubria   Tloc           N/A          21%         4    None
i - Apportation           Tloc           ####......   1%          1    None
j - Repel Missiles        Chrm/Air       ###...       10%         2    None


Dungeon Overview and Level Annotations

Branches:
Dungeon (10/15)            Temple (1/1) D:7            Lair (8/8) D:9
  Swamp (2/4) Lair:6       Spider (0/4) Lair:5        Slime (0/6) Lair:7
    Orc (4/4) D:10
    Elf: Orc:3-4

Altars:
Ashenzari
Cheibriados
Dithmenos
Elyvilon
Fedhas
Gozag
Kikubaaqudgha
Makhleb
Nemelex Xobeh
Okawaru
Qazlal
Ru
Sif Muna
Trog
Vehumet
Xom
Yredelemnul
Zin
The Shining One
Beogh
Jiyva

Shops:
D:6 !   D:10 :   Orc:1 :   Orc:2 *

Annotations:
Orc:4 Saint Roka


Innate Abilities, Weirdness & Mutations

You are resistant to damage.
You can recharge devices by infusing magical energy.
You resist negative energy.
You passively map the area around you.
You do not regenerate naturally.
You are agile. (Dex +2)


Message History

Aim: a thorn hunter You feel somewhat more hungry.
Use which ability?
Press: ? - help, Shift-Dir - straight line, f/p - thorn hunter
Aim: a thorn hunter (moderately damaged)
Okay, then.
Unknown command.
Use which ability?
A demon appears!
You feel somewhat more hungry.
The thorn hunter fires a volley of thorns at you.
The volley of thorns hits you!
* * * LOW HITPOINT WARNING * * *
Unknown command.
Evoke which item? (* to show all) (? for menu, Esc to quit)
Zapping:
d - a wand of heal wounds (1)
Press: ? - help, Shift-Dir - straight line, f - you, p - thorn hunter You feel much better.
This wand has 0 charges left.
The thorn hunter fires a volley of thorns at you.
The volley of thorns hits you!
You die...

≈, * , ≈, * ≈≈≈≈ *
♣≈≈≈...≈≈≈,* ≈ *
♣.....≈≈≈≈.*
♣..≈..≈>,≈♣
♣..§.≈≈♣.♣. * *
♣♣...≈≈≈...♣ * ,
♣....≈≈≈≈.♣ ≈
♣♣♣♣.....≈≈f.♣ ≈≈ ,
♣@≈§f♣♣†♣♣, ≈
♣PP≈2.♣♣♣♣♣≈<♣ ≈ ,
..≈PP≈≈.♣* ♣♣.♣ ,
≈≈≈≈♣..PP≈≈.., , .≈≈
, * * ≈.≈PP≈... ≈
.≈≈≈≈ ≈≈.≈PP..≈≈.
≈(≈≈§.., ≈
≈..PP..≈..≈≈..≈≈≈≈≈ *
, ≈
≈≈≈.Pw...≈≈≈...≈≈≈..♣
, ≈ ≈ ≈,§♣≈.≈≈....≈.
,


You could see a thorn hunter, a swamp worm and a friendly balrug.

Vanquished Creatures
  Snorg (Lair:4)
  4 hydras
  An alligator (Swamp:1)
  7 death yaks
  3 hill giants
  3 orc knights
  2 unseen horrors
  2 griffons
  10 elephants
  4 black mambas
  19 spiny frogs
  3 fire drakes
  6 komodo dragons
  5 polar bears
  2 trolls (Orc:3)
  A spriggan druid (Lair:8)
  A two-headed ogre (Orc:4)
  Prince Ribbit (D:5)
  3 boulder beetles
  A shadow (Swamp:1)
  3 slime creatures (Swamp:1)
  13 blink frogs
  2 bog bodies
  A wraith (D:10)
  44 yaks
  12 spriggans (Lair:8)
  3 redbacks (Lair:8)
  A fire bat (Volcano)
  A hungry ghost (D:4)
  Eustachio (D:4)
  2 deep elf magi
  A wyvern (Lair:7)
  2 wargs (Orc:3)
  A human (D:7)
  10 hippogriffs
  23 wolves
  A basilisk (Lair:2)
  9 swamp worms (Swamp:1)
  19 water moccasins
  Duvessa (D:4)
  23 orc warriors
  6 phantoms
  17 porcupines
  6 wasps
  2 swamp drakes (Swamp:1)
  3 ice beasts
  14 ogres
  4 black bears
  18 spiders
  4 centaurs
  14 crocodiles
  2 necrophages
  13 giant frogs
  7 big kobolds
  Dowan (D:4)
  3 killer bees (D:9)
  4 wights (D:10)
  A jelly (D:9)
  2 crimson imps (D:10)
  4 electric eels
  2 hounds
  2 giant frog zombies
  Crazy Yiuf (D:3)
  A giant frog skeleton (D:8)
  Ijyb (D:2)
  17 orc priests
  Natasha (D:2)
  13 iguanas
  17 orc wizards
  2 hell rats (Lair:6)
  6 worker ants
  14 sheep
  A hound zombie (D:6)
  2 hound skeletons
  Robin (D:2)
  42 river rats
  4 gnolls
  11 adders
  An ooze (D:5)
  An adder skeleton (D:5)
  An adder zombie (D:5)
  4 worms
  6 giant geckos
  159 orcs
  7 giant cockroaches
  18 goblins
  10 hobgoblins
  8 jackals
  55 kobolds
  4 quokkas
  A ball python (D:1)
  10 bats
  A giant cockroach zombie (D:5)
  8 giant newts
  A quokka zombie (D:7)
  13 rats
  4 fungi
  A plant (Lair:6)
828 creatures vanquished.

Vanquished Creatures (collateral kills)
  Nikola (Swamp:1)
  2 orc warlords (Orc:3)
  Nessos (Orc:3)
  2 hydras
  A death yak (Lair:8)
  An orc knight (Orc:3)
  A spiny frog (Lair:8)
  A blink frog (Lair:8)
  5 slime creatures (Swamp:1)
  A spriggan (Lair:8)
  4 wolves (Lair:8)
  2 wargs (Orc:3)
  2 swamp drakes
  12 orc warriors
  2 orc wizards (Orc:3)
  2 orc priests
  11 orcs
  A plant (Lair:8)
52 creatures vanquished.

Vanquished Creatures (others)
  Urug (Volcano)
  A bush (Lair:5)
  51 fungi
  15 plants
68 creatures vanquished.

Grand Total: 948 creatures vanquished

Notes
Turn   | Place    | Note
--------------------------------------------------------------
     0 | D:1      | derrpe the Deep Dwarf Earth Elementalist began the quest for the Orb.
     0 | D:1      | Reached XP level 1. HP: 15/15 MP: 3/3
   827 | D:1      | Reached XP level 2. HP: 14/22 MP: 1/4
   946 | D:1      | Reached skill level 5 in Earth Magic
   963 | D:1      | Learned a level 2 spell: Stoneskin
  1240 | D:1      | Reached XP level 3. HP: 17/28 MP: 1/5
  1798 | D:2      | Noticed Robin
  1850 | D:1      | Reached skill level 6 in Earth Magic
  1955 | D:2      | Killed Robin
  1961 | D:2      | Reached XP level 4. HP: 32/36 MP: 1/7
  2026 | D:2      | Learned a level 3 spell: Stone Arrow
  2601 | D:2      | Noticed Ijyb
  2603 | D:2      | Killed Ijyb
  2603 | D:2      | Reached skill level 7 in Earth Magic
  2612 | D:2      | Noticed Natasha
  2616 | D:2      | Reached XP level 5. HP: 35/42 MP: 6/8
  2616 | D:2      | Killed Natasha
  3016 | D:3      | Noticed a necrophage
  3064 | D:3      | Killed a necrophage
  3064 | D:3      | Reached skill level 1 in Conjurations
  3064 | D:3      | Reached skill level 8 in Earth Magic
  3116 | D:3      | Found a faded altar to an unknown god.
  3155 | D:3      | Learned a level 5 spell: Lee's Rapid Deconstruction
  3171 | D:3      | Noticed Crazy Yiuf
  3173 | D:3      | Killed Crazy Yiuf
  3173 | D:3      | Reached XP level 6. HP: 36/49 MP: 2/10
  3536 | D:3      | Reached skill level 1 in Evocations
  3964 | D:4      | Noticed Eustachio
  3993 | D:4      | Killed Eustachio
  4272 | D:4      | Reached XP level 7. HP: 33/55 MP: 4/11
  4337 | D:4      | Noticed Duvessa
  4337 | D:4      | Noticed Dowan
  4340 | D:4      | Killed Duvessa
  4340 | D:4      | Reached skill level 9 in Earth Magic
  4343 | D:4      | Killed Dowan
  4490 | D:4      | Noticed a hungry ghost
  4499 | D:4      | Killed a hungry ghost
  4818 | D:5      | Entered Level 5 of the Dungeon
  4891 | D:5      | Reached skill level 10 in Earth Magic
  5016 | D:5      | Learned a level 4 spell: Petrify
  5057 | D:5      | Reached XP level 8. HP: 34/62 MP: 11/13
  5196 | D:5      | Noticed Prince Ribbit
  5205 | D:5      | Killed Prince Ribbit
  5205 | D:5      | Reached skill level 1 in Shields
  5488 | D:5      | Reached skill level 5 in Evocations
  5805 | D:5      | Reached skill level 11 in Earth Magic
  6153 | D:6      | Found Fokap's Distillery.
  6205 | D:6      | Learned a level 2 spell: Blink
  6335 | D:6      | Gained mutation: You passively map the area around you. [Deep Dwarf growth]
  6335 | D:6      | Reached XP level 9. HP: 42/68 MP: 13/16
  6880 | D:6      | Reached skill level 5 in Spellcasting
  7252 | D:6      | Reached skill level 12 in Earth Magic
  7554 | D:6      | Reached skill level 1 in Fighting
  7612 | D:6      | Reached skill level 1 in Transmutations
  7833 | D:7      | Found a shimmering altar of Xom.
  7912 | D:7      | Noticed a hill giant
  7976 | D:7      | Found a staircase to the Ecumenical Temple.
  7982 | Temple   | Entered the Ecumenical Temple
  8086 | Temple   | Became a worshipper of Makhleb the Destroyer
  8350 | D:7      | Reached skill level 1 in Armour
  8674 | D:7      | Learned a level 3 spell: Passwall
  9052 | D:7      | Reached skill level 1 in Translocations
  9052 | D:7      | Acquired Makhleb's first power
  9491 | D:7      | Killed a hill giant
  9491 | D:7      | Reached XP level 10. HP: 17/80 MP: 5/19
 10362 | D:9      | Found a staircase to the Lair.
 10944 | D:9      | Acquired Makhleb's second power
 10959 | D:9      | Found a stormy altar of Qazlal.
 11074 | D:9      | Reached skill level 5 in Stealth
 11246 | Lair:1   | Entered Level 1 of the Lair of Beasts
 11373 | Lair:1   | Found a dark tunnel.
 11383 | Volcano  | Entered a volcano
 11454 | Volcano  | Found a burning altar of Makhleb.
 11454 | Volcano  | Noticed Urug
 11464 | Volcano  | Urug (ally) was killed
 11464 | Volcano  | Your ally died
 11486 | Volcano  | Reached skill level 13 in Earth Magic
 11630 | Volcano  | Gained mutation: You are agile. (Dex +2) [potion of beneficial mutation]
 11791 | Volcano  | Reached XP level 11. HP: 53/90 MP: 15/20
 12833 | Lair:2   | Acquired Makhleb's third power
 12908 | Lair:2   | Reached skill level 5 in Dodging
 13864 | Lair:2   | Learned a level 2 spell: Shroud of Golubria
 13869 | Lair:2   | Learned a level 4 spell: Passage of Golubria
 14246 | Lair:3   | Reached skill level 5 in Armour
 14723 | Lair:3   | Reached skill level 5 in Translocations
 15798 | Lair:4   | Acquired Makhleb's fourth power
 16037 | Lair:4   | Reached skill level 5 in Fighting
 16049 | Lair:4   | Noticed a five-headed hydra
 16104 | Lair:4   | Killed a five-headed hydra
 16438 | Lair:4   | Noticed Snorg
 16448 | Lair:4   | Killed Snorg
 16448 | Lair:4   | Reached skill level 14 in Earth Magic
 16448 | Lair:4   | Reached XP level 12. HP: 93/103 MP: 2/22
 16559 | Lair:4   | Noticed a five-headed hydra
 16566 | Lair:4   | Killed a five-headed hydra
 17512 | Lair:5   | Learned a level 1 spell: Apportation
 17872 | Lair:5   | Reached skill level 15 in Earth Magic
 18102 | Lair:5   | Acquired Makhleb's fifth power
 18228 | Lair:5   | Reached skill level 1 in Invocations
 18563 | Lair:5   | Reached skill level 5 in Invocations
 18884 | Lair:5   | Found a hole to the Spider Nest.
 19183 | Lair:5   | Reached XP level 13. HP: 111/111 MP: 11/23
 19252 | Lair:5   | Reached skill level 10 in Invocations
 19925 | Lair:6   | Found a staircase to the Swamp.
 21673 | Lair:7   | Found a staircase to the Slime Pits.
 21673 | Lair:7   | Found a viscous altar of Jiyva.
 22105 | Lair:8   | Entered Level 8 of the Lair of Beasts
 22479 | Lair:8   | Reached skill level 1 in Charms
 24039 | Lair:8   | Learned a level 2 spell: Repel Missiles
 24328 | Lair:8   | Gained mutation: You resist negative energy. [Deep Dwarf growth]
 24328 | Lair:8   | Reached XP level 14. HP: 120/120 MP: 15/25
 24532 | Lair:8   | Reached skill level 15 in Invocations
 24659 | Lair:8   | Got a faintly glowing halberd
 24672 | Lair:8   | Identified the +8 halberd of Jasin {vamp, Str+2 Dex+4} (You found it on level 8 of the Lair of Beasts)
 24730 | Lair:8   | Reached skill level 1 in Staves
 24821 | Lair:7   | HP: 6/120 [yak (4)]
 26127 | D:10     | Entered Level 10 of the Dungeon
 26252 | D:10     | Found a staircase to the Orcish Mines.
 26451 | D:10     | Found Manun's Book Emporium.
 26850 | D:10     | Found a glowing silver altar of Zin.
 26946 | D:10     | Reached skill level 1 in Air Magic
 27000 | Orc:1    | Entered Level 1 of the Orcish Mines
 27316 | Orc:1    | Found Heluesk's Book Boutique.
 27350 | Orc:1    | Bought a book of Power for 630 gold pieces
 28122 | Orc:2    | Found a roughly hewn altar of Beogh.
 28345 | Orc:2    | Found a runed door.
 28403 | Orc:2    | Found Kuz Zoma's General Store.
 28464 | Orc:2    | Bought a scroll of blinking for 112 gold pieces
 28464 | Orc:2    | Bought a potion of haste for 150 gold pieces
 28464 | Orc:2    | Bought a scroll of teleportation for 45 gold pieces
 28961 | Orc:2    | Found a roughly hewn altar of Beogh.
 30015 | Orc:3    | Noticed an orc warlord
 30037 | Orc:3    | Killed an orc warlord
 30149 | Orc:3    | Got a slimy robe
 30155 | Orc:3    | Noticed an orc warlord
 30163 | Orc:3    | Killed an orc warlord
 30163 | Orc:3    | Reached skill level 5 in Conjurations
 30256 | Orc:3    | Got a pair of faintly humming boots
 30279 | Orc:3    | Identified the +2 robe of the Pleiades {-Tele rF++ Str+5} (You took it off an orc priest on level 3 of the Orcish Mines)
 30294 | Orc:3    | Identified the -7 pair of boots of Cowardice {+Blink +Inv rPois Slay-6} (You found it on level 3 of the Orcish Mines)
 30472 | Orc:3    | Noticed Nessos
 30478 | Orc:3    | Killed Nessos
 30827 | Orc:4    | Entered Level 4 of the Orcish Mines
 30827 | Orc:4    | Noticed Saint Roka
 31585 | Swamp:1  | Entered Level 1 of the Swamp
 31758 | Swamp:1  | Noticed Nikola
 31792 | Swamp:1  | Killed Nikola
 31888 | Swamp:1  | Got a polished war axe
 31927 | Swamp:1  | Identified the cursed +0 war axe "Qieriv" {flame, rN+ MR+ Int+3} (You found it on level 1 of the Swamp)
 32037 | Swamp:1  | Got a transparent scale mail
 32076 | Swamp:1  | Identified the +3 scale mail of the Comet {rPois Str+8} (You found it on level 1 of the Swamp)
 32738 | Swamp:2  | Noticed a thorn hunter
 32832 | Swamp:2  | Killed from afar by a thorn hunter

Vault maps used:
D:1:      onia_arrival_mini_maze
D:2:      uniq_natasha, uniq_robin, uniq_iyjb
D:3:      first_bread, ecumenical_altar_2, bh_walls_and_bars,
          uniq_crazy_yiuf_cottage
D:4:      uniq_duvessa, uniq_eustachio
D:5:      minmay_misc_feat_x, uniq_prince_ribbit1
D:6:      minmay_goblin_kobold_castle, serial_shops, shop,
          minmay_tree_intersection
D:7:      minmay_temple_entry_hall, basic_altar, grunt_ministairs_2,
          grunt_livestock, minmay_misc_feat_columns
D:9:      nicolae_qazlal_style_of_elements, minmay_lair_entry_lava, spider_trap
D:10:     erik_orc_1, serial_shops, nicolae_shop_window_shopping, basic_altar
Temple:   kilobyte_greek_temple_18
Lair:1:   lightli_volcano_entry_magma_tube
Lair:2:   patterned_corridor
Lair:3:   statuecave_lemuel
Lair:4:   st_stairs_7, serial_bayou_pond_a, grunt_forest_large_clearings,
          serial_bayou_shore_b, uniq_snorg
Lair:5:   nicolae_spider_entry_tight_spaces
Lair:6:   kennysheep_rathole, swamp_mist, grunt_megastairs_4,
          serial_bayou_shore_b
Lair:7:   slime_altar_1, serial_bayou_shore_a, infiniplex_staircase_pool_2
Lair:8:   minmay_lair_end_enchanted_forest, lemuel_fruit_tree
Swamp:1:  nicolae_swamp_rocky_clearing, swamp_pool5, uniq_nikola
Swamp:2:  evilmike_swamp_ruin_house_4, uniq_roxanne
Orc:1:    serial_shops, shop, nicolae_orc_tapped_out
Orc:2:    basic_altar, serial_shops, shop, lightli_church_of_beogh
Orc:3:    nicolae_orc_pool_cavern, minmay_orc_treasury, uniq_nessos
Orc:4:    pubby_orc_utopia, uniq_saint_roka
Volcano:  volcano_grotto

Action                   |  1- 3 |  4- 6 |  7- 9 | 10-12 | 13-15 || total
-------------------------+-------+-------+-------+-------+-------++-------
Melee: Dagger            |   106 |       |   161 |    94 |   323 ||   684
       Unarmed           |     1 |       |       |       |       ||     1
       Mace              |     2 |    71 |     7 |       |       ||    80
       Trident           |       |       |       |     7 |       ||     7
       Staff             |       |       |       |    14 |    28 ||    42
       Halberd           |       |       |       |       |    61 ||    61
       Rapier            |       |       |       |       |     2 ||     2
Throw: Stone             |    13 |       |       |     2 |     3 ||    18
       Throwing net      |       |       |       |       |     1 ||     1
 Cast: Sandblast         |    24 |    36 |   130 |   124 |     1 ||   315
       Stoneskin         |     7 |     1 |       |       |       ||     8
       Stone Arrow       |       |     6 |    16 |   275 |   554 ||   851
       Lee's Rapid Decon |       |       |    14 |    28 |   128 ||   170
       Petrify           |       |       |    12 |    11 |    23 ||    46
       Passwall          |       |       |     1 |     9 |    11 ||    21
       Shroud of Golubri |       |       |       |     7 |    26 ||    33
       Blink             |       |       |       |       |    12 ||    12
       Repel Missiles    |       |       |       |       |     4 ||     4
Invok: Greater Servant o |       |       |       |       |     8 ||     8
       Lesser Servant of |       |       |       |       |     3 ||     3
       Major Destruction |       |       |       |       |     2 ||     2
 Abil: Device Recharging |       |       |       |     1 |       ||     1
       Evoke Invisibilit |       |       |       |     2 |     2 ||     4
Evoke: Wand              |     1 |     4 |     6 |     8 |    15 ||    34
       Staff of energy   |       |       |       |   166 |   484 ||   650
       Sack of spiders   |       |       |       |       |     4 ||     4
  Use: Scroll            |       |    10 |     4 |    19 |    12 ||    45
       Potion            |       |       |     1 |     1 |     1 ||     3
 Stab: Sleeping          |     3 |     6 |     5 |     4 |     2 ||    20
       Petrified         |       |       |     5 |     2 |     5 ||    12
       Petrifying        |       |       |     1 |     1 |     2 ||     4
       Invisible         |       |       |       |       |     2 ||     2
       Held in net/web   |       |       |       |       |     2 ||     2
  Eat: Chunk             |     5 |     8 |    14 |    33 |    54 ||   114
       Fruit             |       |       |     1 |     1 |     7 ||     9
       Meat ration       |       |       |     1 |       |     1 ||     2
       Bread ration      |       |       |     1 |       |       ||     1
       Pizza             |       |       |       |     4 |     3 ||     7
       Beef jerky        |       |       |       |     4 |       ||     4
       Royal jelly       |       |       |       |       |     2 ||     2
